 Dungeon Crawl Stone Soup version 0.18.1-1-g2f07953 (webtiles) character file.

22 jacquesderrida the Grave Robber (level 2, -7/23 HPs)
             Began as a Demonspawn Necromancer on May 7, 2016.
             Killed from afar by Ijyb (21 damage)
             ... with a wand of acid
             ... on level 2 of the Dungeon.
             The game lasted 00:01:23 (438 turns).

jacquesderrida the Grave Robber (DsNe)               Turns: 438, Time: 00:01:24

Health: -7/23      AC:  4    Str:  8    XL:     2   Next: 68%
Magic:  1/5        EV: 12    Int: 19    God:
Gold:   37         SH:  0    Dex: 13    Spells: 1 memorised, 4 levels left

rFire  . . .     SeeInvis .     h - +0 whip
rCold  . . .     Gourm    .     a - +0 robe
rNeg   . . .     Faith    .     (no shield)
rPois  .         Spirit   .     (no helmet)
rElec  .         Dismiss  .     (no cloak)
rCorr  .         Reflect  .     (no gloves)
SustAt .         Harm     .     (no boots)
MR     .....                    (no amulet)
Stlth  ++........               (no ring)
                                i - +3 ring of intelligence

@: not resistant to hostile enchantments, unstealthy
A: yellow scales 1
a: no special abilities


You were on level 2 of the Dungeon.
You were not hungry.

You visited 1 branch of the dungeon, and saw 2 of its levels.

You collected 37 gold pieces.

Inventory:

Hand Weapons
 h - a +0 whip (weapon)
Armour
 a - a +0 robe (worn)
Jewellery
 i - a +3 ring of intelligence (left hand)
Scrolls
 f - a scroll of identify {unknown}
 g - a scroll of immolation {unknown}
 j - a scroll of enchant armour {unknown}
Potions
 d - a potion of cure mutation {unknown}
 e - 2 potions of curing {unknown}
Books
 b - a book of Necromancy

   Spells                             Type                      Level
   a - Pain                           Necromancy                   1
   b - Animate Skeleton               Necromancy                   1
   c - Vampiric Draining              Necromancy                   3
   d - Regeneration                   Charms/Necromancy            3
   e - Animate Dead                   Necromancy                   4
   f - Control Undead                 Necromancy                   4
Comestibles
 c - a bread ration


   Skills:
 + Level 2.4 Fighting
 - Level 1.7 Dodging
 - Level 1.7 Stealth
 - Level 2.0 Spellcasting
 - Level 4.3 Necromancy


You had 4 spell levels left.
You knew the following spells:

 Your Spells              Type           Power        Failure   Level  Hunger
a - Pain                  Necr           ###.         3%          1    #......


Dungeon Overview and Level Annotations

Branches:
Dungeon (2/15)

Altars:
Vehumet

Annotations:
D:2 Ijyb


Innate Abilities, Weirdness & Mutations

You are partially covered in yellow scales (AC +2).


Message History

Aim: an ooze (almost dead, chance to defeat MR: 78%)
The ooze barely resists.
Casting: Pain
Confirm with . or Enter, or press ? or * to list all spells.
Aiming: Pain
Press: ? - help, Shift-Dir - straight line, f/p - ooze
Aim: an ooze (almost dead, chance to defeat MR: 78%)
The ooze convulses in agony!
You kill the ooze!
Casting: Pain
Confirm with . or Enter, or press ? or * to list all spells.
You can't see any susceptible monsters within range! (Use Z to cast anyway.)
A rat comes into view.
Ijyb the Twisted Goblin comes into view.
A quokka comes into view.
Found a falchion.
Ijyb shouts!
Ijyb zaps a wand.
The bolt of acid hits you!
Ouch! That really hurt!
You die...

.#######.......# ... .##
#.......#.#####. ..#
#.###.......... .. ..#
#.# #.....###.# #
†.####.###.....###.#####
........##......#.......
..####..##.#..#.#.).....
........##.#.......r....
......#.##.#....@.......
........##.##.###..r....
..#####.##.##.# .......
........##....# ..g....
#.###########.. .######
..# ##. ## ..# .## .#


You could see Ijyb, a quokka and a rat.

Vanquished Creatures
  An ooze (D:2)
  A worm (D:2)
  A dart slug (D:1)
  A ball python (D:2)
  2 bats
  A giant cockroach (D:2)
  2 goblins (D:1)
  A hobgoblin (D:2)
  A giant newt (D:1)
  A kobold (D:1)
  A rat (D:1)
13 creatures vanquished.

Notes
Turn   | Place    | Note
--------------------------------------------------------------
     0 | D:1      | jacquesderrida the Demonspawn Necromancer began the quest for the Orb.
     0 | D:1      | Reached XP level 1. HP: 13/13 MP: 3/3
    36 | D:1      | Reached skill level 1 in Fighting
   216 | D:1      | Gained mutation: You are partially covered in yellow scales (AC +2). [demonic ancestry]
   216 | D:1      | Reached XP level 2. HP: 22/22 MP: 3/5
   245 | D:2      | Found a radiant altar of Vehumet.
   435 | D:2      | Noticed Ijyb
   438 | D:2      | Killed from afar by Ijyb

Skill      XL: |  1  2 |
---------------+-------+-----
Fighting       | 1 2 |  2.4
Dodging        | |  1.7
Stealth        | |  1.7
Spellcasting   | |  2.0
Necromancy     | |  4.3

Action                   || total
-------------------------++-------
Melee: Whip              ||    13
       Unarmed           ||     1
 Cast: Pain              ||    26
 Stab: Sleeping          ||     1
Armor: Robe              ||     2
Dodge: Dodged            ||     7
